 Dungeon Crawl Stone Soup version 0.23-a0-391-g8c51ad5 (webtiles) character file.

63 Dawnplanks the Skirmisher (level 3, 0/33 HPs)
             Began as a Minotaur Fighter on Oct 30, 2018.
             Slain by a kobold
             ... wielding a +4 short sword
              (8 damage)
             ... on level 1 of the Dungeon.
             The game lasted 00:02:03 (991 turns).

Dawnplanks the Skirmisher (Minotaur Fighter)         Turns: 991, Time: 00:02:04

Health: 0/33       AC:  7    Str: 19 (20) XL:     3   Next: 87%
Magic:  2/2        EV:  7    Int:  2 (5)  God:
Gold:   72         SH:  9    Dex:  9 (10) Spells: 2/2 levels left

rFire    . . .     SeeInvis .   a - +0 flail
rCold    . . .     Gourm    .   c - +0 shield
rNeg     . . .     Faith    .   b - +0 scale mail
rPois    .         Spirit   .   (helmet restricted)
rElec    .         Reflect  .   (no cloak)
rCorr    .         Harm     .   (no gloves)
MR       .....                  (no boots)
Stlth    ..........             (no amulet)
HPRegen  0.11/turn              (no ring)
MPRegen  0.08/turn              (no ring)

@: lethally poisoned (0 -> -11)
A: retaliatory headbutt, horns 2
a: no special abilities


You were on level 1 of the Dungeon.
You were not hungry.

You visited 1 branch of the dungeon, and saw 2 of its levels.

You collected 72 gold pieces.

Inventory:

Hand Weapons
 a - a +0 flail (weapon)
Armour
 b - a +0 scale mail (worn)
 c - a +0 shield (worn)
Scrolls
 h - a scroll of enchant armour {unknown}
 i - a scroll of enchant weapon {unknown}
Potions
 d - a potion of might
 e - a potion of degeneration
 j - a potion of mutation {unknown}
Comestibles
 f - 2 rations
 g - a chunk of flesh


   Skills:
 + Level 4.3 Fighting
 + Level 3.3 Maces & Flails
 + Level 4.1 Armour
 + Level 0.6 Dodging
 + Level 4.2 Shields


You had 2 spell levels left.
You didn't know any spells.
Your spell library was empty.

Dungeon Overview and Level Annotations

Branches:
Dungeon (2/15)

Altars:


Innate Abilities, Weirdness & Mutations

You reflexively headbutt those who attack you in melee.
You have a pair of horns on your head.


Message History

There is a stone staircase leading down here.
Your shield and scale mail prevent you from hitting the worker ant.
You headbutt the worker ant.
The worker ant is heavily wounded.
You feel sick. The worker ant bites you.
You are lethally poisoned!
The worker ant poisons you! The rat bites you but does no damage.
The kobold hits you but does no damage.
You barely miss the worker ant.
The worker ant is heavily wounded.
You feel sick. The worker ant barely misses you. You furiously retaliate!
You headbutt the worker ant!
You kill the worker ant!
You feel your strength returning. The rat bites you but does no damage.
You block the kobold's attack.
Your shield prevents you from hitting the kobold.
* * * LOW HITPOINT WARNING * * *
You feel sick. You block the rat's attack.
The kobold hits you with a +4 short sword!
You die...

....# #.#..((..(....##.#.#
....# #.###########.##.#.#
....# #.#.......######.#.#
....####.#.#####.#(.....#.#
......##.......#.#.######.#
....#.####.###.#.#.# #.#
....#.# #.# #.#.#.# #.#
..###.####.###.#K#.# #.#
.......))..)...r@#.######.#
#####.####.#.#.#†#........#
#.# #.#.#.#.########## #.#
#.#.#.#.# #####.# #.#.#.#.#
......####.#.#.#.#
..##.......#...#.#
......#####......#
#(##..#..........#


You could see a kobold and a rat.

Vanquished Creatures
  A worker ant (D:1)
  2 oozes (D:1)
  A leopard gecko (D:1)
  4 bats (D:1)
  3 giant cockroaches (D:1)
  4 goblins (D:1)
  2 hobgoblins (D:1)
  3 ball pythons (D:1)
  A frilled lizard (D:1)
  7 kobolds (D:1)
  4 rats (D:1)
32 creatures vanquished.

Notes
Turn   | Place    | Note
-------+----------+-------------------------------------------
     0 | D:1      | Dawnplanks the Minotaur Fighter began the quest for the
                  | Orb.
     0 | D:1      | Reached XP level 1. HP: 19/19 MP: 0/0
    82 | D:1      | Reached XP level 2. HP: 23/27 MP: 1/1
   398 | D:1      | Reached XP level 3. HP: 33/33 MP: 2/2
   991 | D:1      | Slain by a kobold

Vault maps used:
D:1:      onia_arrival_handbag
D:2:      first_ration, chequers_mini_garden

Skill      XL: |  1  2  3 |
---------------+----------+-----
Fighting       | 4 |  4.3
Armour         | 4 |  4.1
Shields        | 4 |  4.2
Maces & Flails | 3 |  3.3
Dodging        | |  0.6

Action                   || total
-------------------------++-------
Melee: Flail             ||    79
       Headbutt          ||     6
  Use: Potion            ||     2
Armor: Scale mail        ||    44
Dodge: Dodged            ||    38
Block: Shield            ||    49

Table legend:
 A = Non-vault XP
 B = Vault XP
 C = Vault XP percentage of total XP
 D = Non-vault monster count
 E = Vault monster count
 F = Vault count percentage of total count
                 A         B        C        D         E       F
            +---------+---------+-------+---------+---------+-------
      Total |      80 |      10 |  11.1 |      28 |       4 |  12.5
            +---------+---------+-------+---------+---------+-------
        D:1 |      80 |      10 |  11.1 |      28 |       4 |  12.5
            +---------+---------+-------+---------+---------+-------
